 Dungeon Crawl Stone Soup version 0.28.0-49-g6dfe1f597d (webtiles) character file.

Game seed: 897056259949133701

254 Exodus22XD the Poker (level 5, -7/40 HPs)
             Began as a Demonspawn Gladiator on May 15, 2022.
             Mangled by an ogre
             ... wielding a +0 giant club
              (17 damage)
             ... on level 4 of the Dungeon.
             The game lasted 00:01:58 (3664 turns).

Exodus22XD the Poker (Demonspawn Gladiator)         Turns: 3664, Time: 00:01:59

Health: -7/40      AC:  4    Str: 16    XL:     5   Next: 91%
Magic:  5/5        EV: 12    Int:  9    God:
Gold:   162        SH:  4    Dex: 15    Spells: 4/4 levels left

rFire   . . .      SeeInvis .   a - +0 trident
rCold   . . .      Faith    .   (no shield)
rNeg    . . .      Spirit   .   b - +0 leather armour
rPois   .          Reflect  .   c - +0 helmet
rElec   .          Harm     .   (no cloak)
rCorr   .          Rampage  .   (no gloves)
Will    .....                   (no boots)
Stlth   +.........              (no amulet)
HPRegen 0.13/turn               (no ring)
MPRegen 0.09/turn               (no ring)

@: no status effects
A: large bone plates 1, demonic guardian 1, foul stench 1
a: no special abilities


You were on level 4 of the Dungeon.
You visited 1 branch of the dungeon, and saw 4 of its levels.

You collected 162 gold pieces.

Inventory:

Hand Weapons
 a - a +0 trident (weapon)
Missiles
 d - 3 throwing nets (quivered)
Armour
 b - a +0 leather armour (worn)
 c - a +0 helmet (worn)
Jewellery
 q - a ring of positive energy
Scrolls
 e - 2 scrolls of magic mapping
 i - 2 scrolls of fog {unknown}
 k - a scroll of silence {unknown}
 m - a scroll of immolation {unknown}
 n - a scroll of vulnerability {unknown}
 p - a scroll of enchant armour {unknown}
Potions
 f - a potion of heal wounds
 h - a potion of might
 j - a potion of flight
 l - a potion of mutation {unknown}
 o - a potion of curing {unknown}


   Skills:
 + Level 2.8 Fighting
 + Level 4.8 Polearms
 + Level 1.8 Throwing
 + Level 1.6 Armour
 + Level 3.3 Dodging
 + Level 0.3 Stealth
 + Level 0.7 Shields


You had 4 spell levels left.
You didn't know any spells.
Your spell library contained the following spells:

 Spells                   Type           Power      Damage    Failure   Level
 Corpse Rot               Necr/Air       0%         N/A       58%         2
 Poisonous Vapours        Pois/Air       0%         N/A       58%         2


Dungeon Overview and Level Annotations

Branches:
Dungeon (4/15)
 Temple: D:4-7

Altars:

Shops:
D:3 :


Innate Abilities, Weirdness & Mutations

You are partially covered in large bone plates. (SH +4)
A weak demonic guardian rushes to your aid.
You may rarely emit foul miasma when damaged in melee.


Message History

Found a stone staircase leading down.
No target in view!
An ogre comes into view. It is wielding a +0 giant club.
The ogre shouts!
You hear a shout!
An ogre is nearby!
A hobgoblin comes into view.
There are monsters nearby!
You reach to attack!
You hit the ogre.
The ogre is lightly wounded.
There are monsters nearby!
You barely miss the ogre.
The ogre is lightly wounded.
The ogre hits you with a +0 giant club.
You barely miss the ogre.
The ogre is lightly wounded.
The ogre hits you with a +0 giant club!
You hit the ogre.
The ogre is lightly wounded.
You hit the ogre.
The ogre is moderately wounded.
The ogre barely misses you.
You puncture the ogre!
The ogre is severely wounded.
The ogre closely misses you.
You hit the ogre. You punch the ogre.
The ogre is severely wounded.
The ogre barely misses you.
You completely miss the ogre.
The ogre is severely wounded.
The ogre closely misses you.
You hit the ogre.
The ogre is almost dead.
You barely miss the ogre.
The ogre is almost dead.
The ogre hits you with a +0 giant club!
* * * LOW HITPOINT WARNING * * *
You barely miss the ogre.
The ogre is almost dead.
The ogre hits you with a +0 giant club!
You die...

.......# .......#
####### .......# #.<...#
'###########.....#
.................#
.................#
.................+
.................#
......!.........@#######
.......#'######+#O.....#
.......+...# #g.....#
.......#...# #......#
..######...# +..|...#
..# #...# #....>.# ..#
#...+ #........ ..#
+...# #........ ..#
#+### #........


You could see an ogre and a hobgoblin.

Vanquished Creatures
  A phantom (D:4)
  A kobold brigand (D:4)
  6 adders
  An adder skeleton (D:4)
  3 dart slugs
  An orc (D:3)
  4 ball pythons
  8 endoplasms
  3 giant cockroaches
  8 goblins
  2 hobgoblins
  A quokka (D:3)
  2 bats
  A frilled lizard (D:3)
  7 kobolds
  2 rats
51 creatures vanquished.

Vanquished Creatures (collateral kills)
  A kobold (D:3)
1 creature vanquished.

Grand Total: 52 creatures vanquished

Notes
Turn   | Place    | Note
-------+----------+-------------------------------------------
     0 | D:1      | Exodus22XD the Demonspawn Gladiator began the quest for the
                  | Orb.
     0 | D:1      | Reached XP level 1. HP: 16/16 MP: 1/1
   334 | D:1      | Gained mutation: You are partially covered in large bone
                  | plates. (SH +4) [demonic ancestry]
   334 | D:1      | Reached XP level 2. HP: 12/22 MP: 2/2
   507 | D:1      | Reached skill level 3 in Polearms
  1437 | D:2      | Gained mutation: A weak demonic guardian rushes to your
                  | aid. [demonic ancestry]
  1437 | D:2      | Reached XP level 3. HP: 23/27 MP: 3/3
  2074 | D:2      | Found a faded altar of an unknown god.
  2112 | D:3      | Found Goshiew's Book Shop.
  2160 | D:3      | Reached XP level 4. HP: 29/33 MP: 4/4
  2578 | D:3      | Reached skill level 4 in Polearms
  2578 | D:3      | Reached skill level 1 in Armour
  2867 | D:4      | Noticed a phantom
  2874 | D:4      | Killed a phantom
  2875 | D:4      | Gained mutation: You may rarely emit foul miasma when
                  | damaged in melee. [demonic ancestry]
  2875 | D:4      | Reached XP level 5. HP: 28/39 MP: 5/5
  3650 | D:4      | Noticed an ogre
  3664 | D:4      | Mangled by an ogre

Illustrated notes

Levels and vault maps discovered:
D:1:      dpeg_arrival_shrine, layout_basic, serial_bayou_lake_a
D:2:      layout_basic, ebering_ecumenical_altar_sacrificial
D:3:      layout_loops_ring, serial_shops, shop
D:4:      layout_gridville

Skill      XL: |  1  2  3  4 |
---------------+-------------+-----
Polearms       | 3 4 |  4.8
Dodging        | 3 |  3.3
Armour         | 1 |  1.6
Fighting       | |  2.8
Throwing       | |  1.8
Stealth        | |  0.3
Shields        | |  0.7

Action                   |  1- 3 |  4- 6 || total
-------------------------+-------+-------++-------
Melee: Trident           |    94 |   101 ||   195
       Punch             |     1 |     1 ||     2
  Use: Scroll            |       |     5 ||     5
 Stab: Sleeping          |     2 |       ||     2
Armor: Leather armour    |    13 |    23 ||    36
Dodge: Dodged            |    34 |    40 ||    74
Block: Other             |    13 |    11 ||    24
